 Dungeon Crawl Stone Soup version 0.18.1-1-g2f07953 (webtiles) character file.

3300 aurelian the Basher (level 10, -5/121 HPs)
             Began as an Ogre Summoner on May 14, 2016.
             Was an Initiate of Gozag.
             Slain by a troll (8 damage)
             ... on level 9 of the Dungeon.
             The game lasted 00:38:13 (11864 turns).

aurelian the Basher (Ogre Summoner)                Turns: 11864, Time: 00:38:14

Health: -5/121     AC:  5    Str: 20      XL:     10   Next: 1%
Magic:  13/23      EV: 14    Int: 16      God:    Gozag
Gold:   42         SH:  2    Dex: 11 (13) Spells: 3 memorised, 22 levels left

rFire  . . .     SeeInvis .     a - +2 mace (venom)
rCold  . . .     Gourm    .     y - +2 robe
rNeg   . . .     Faith    .     (no shield)
rPois  .         Spirit   .     (helmet restricted)
rElec  .         Dismiss  .     (no cloak)
rCorr  .         Reflect  +     (gloves unavailable)
SustAt .         Harm     .     (boots unavailable)
MR     ++...                    p - +2 amulet of reflection
Stlth  ..........               e - ring of protection from magic
                                u - ring "Fodinn" {EV+4 Int+2}

@: berserking, gold aura, very slightly contaminated, very quick, very resistant
to hostile enchantments, extremely unstealthy
A: unfitting armour, tough skin 1
a: Potion Petition, Call Merchant, Bribe Branch, Renounce Religion


You were on level 9 of the Dungeon.
You worshipped Gozag.
Gozag was noncommittal.
You were not hungry.

You visited 2 branches of the dungeon, and saw 12 of its levels.

You collected 780 gold pieces.
You paid 738 gold pieces to Gozag.

Inventory:

Hand Weapons
 a - a +2 mace of venom (weapon)
 b - a +3 hunting sling of flaming
 h - a +0 mace
 n - a +0 mace
 s - a +0 whip
 F - a +0 giant spiked club
 P - a +0 giant club
Missiles
 g - 46 poisoned needles
 k - 5 needles of sleeping
 m - 91 sling bullets
 o - 223 stones (quivered)
Armour
 d - a +1 robe
 y - a +2 robe (worn)
 I - a +0 scale mail
Jewellery
 e - a ring of protection from magic (right hand)
 p - a +2 amulet of reflection (around neck)
 u - the ring "Fodinn" (left hand) {EV+4 Int+2}
   (You found it on level 4 of the Dungeon)

   [ring of evasion]

   It affects your evasion (+4).
   It affects your intelligence (+2).
Wands
 w - a wand of polymorph (4/24)
 J - a wand of paralysis (12/24)
Scrolls
 i - 3 scrolls of immolation
 z - 2 scrolls of enchant weapon
Potions
 q - a potion of curing {unknown}
 t - a potion of heal wounds {unknown}
 v - 2 potions of mutation
 A - 3 potions of brilliance
 E - a potion of cure mutation {unknown}
 G - a potion of ambrosia {unknown}
 H - a potion of resistance {unknown}
Comestibles
 c - 6 bread rations
 f - a meat ration


   Skills:
 + Level 13.1 Maces & Flails
 - Level 1.7 Dodging
 - Level 1.5 Stealth
 + Level 9.9 Spellcasting
 - Level 3.0 Summonings


You had 22 spell levels left.
You knew the following spells:

 Your Spells              Type           Power        Failure   Level  Hunger
a - Summon Small Mammal   Summ           ###.         2%          1    None
b - Call Imp              Summ           ###.....     4%          2    None
c - Call Canine Familiar  Summ           ###.....     10%         3    None


Dungeon Overview and Level Annotations

Branches:
Dungeon (11/15)            Temple (1/1) D:4
   Lair: D:8-11         Orc: D:9-12

Altars:
Ashenzari
Cheibriados
Dithmenos
Elyvilon
Gozag
Kikubaaqudgha
Makhleb
Nemelex Xobeh
Okawaru
Pakellas
Qazlal
Ru
Sif Muna
Trog
Vehumet
Xom
Yredelemnul
Zin

Annotations:
D:3 Pikel


Innate Abilities, Weirdness & Mutations

You are too large for most types of armour.
You have tough skin (AC +1).


Message History

Read which item? (? for menu, Esc to quit)
Okay, then.
Drink which item? (? for menu, Esc to quit)
Okay, then.
Drink which item? (? for menu, Esc to quit)
A red film seems to cover your vision as you go berserk!
You feel yourself moving faster!
You feel mighty! The troll barely misses you. x2
The troll misses you.
Your hound barely misses the troll.
Your crimson imp blinks!
You closely miss the troll.
The troll is lightly wounded.
The adder is distracted by the nearby gold.
Your hound bites the troll but does no damage.
You barely miss the troll.
The troll is moderately wounded.
The troll bites you!
* * * LOW HITPOINT WARNING * * *
The troll claws you!
You die...
Your body crumbles into a pile of gold.

####(####.......
###.###########
#...$.....#
#.........#
#.........#
#.........#
#.....h55.#
#......TS.#
#......@..#
#.........#
#.........#
#.........#
#.........#
###########


You could see a troll, an adder, a friendly hound, a friendly crimson imp and a
friendly shadow imp.

Vanquished Creatures
  Maurice (D:10)
  A spriggan (D:7)
  A steam dragon (D:7)
  Duvessa (D:4)
  2 water moccasins (D:7)
  A sky beast (D:7)
  An ice beast (D:4)
  2 slaves (D:4)
  2 centaurs
  Blork the orc (D:4)
  2 giant frogs (D:7)
  2 scorpions
  Dowan (D:4)
  A killer bee (D:10)
  3 howler monkeys
  6 crimson imps
  2 orc priests
  2 hounds
  A gnoll shaman (D:7)
  An orc wizard (D:3)
  2 centaur skeletons
  Jessica (D:3)
  3 iguanas
  Ijyb (D:4)
  3 worker ants (D:7)
  A killer bee zombie (D:6)
  A hound skeleton (D:5)
  Robin (D:2)
  3 gnolls (D:7)
  2 river rats (D:5)
  6 adders
  2 shadow imps
  An ooze (D:3)
  An adder skeleton (D:6)
  2 adder zombies
  A worm (D:3)
  9 giant geckos
  19 orcs
  2 ball pythons
  5 giant cockroaches
  10 goblins
  13 hobgoblins
  4 jackals
  2 kobolds (D:3)
  5 quokkas
  8 bats
  A giant gecko skeleton (D:5)
  A giant gecko zombie (D:7)
  2 giant newts
  A quokka zombie (D:5)
  6 rats
153 creatures vanquished.

Vanquished Creatures (collateral kills)
  Joseph (D:7)
  2 hippogriffs (D:7)
  An ice beast (D:10)
  2 slaves
  A black bear (D:7)
  2 ogres
  A howler monkey (D:7)
  A hound (D:4)
  A jelly (D:6)
  2 orc wizards
  A gnoll (D:2)
  An adder (D:3)
  2 oozes (D:1)
  A dart slug (D:2)
  2 giant geckos (D:1)
  2 orcs
  A giant cockroach (D:2)
  9 goblins
  2 hobgoblins (D:1)
  3 jackals
  2 kobolds
  A quokka (D:10)
  3 bats
  2 giant newts
  A quokka skeleton (D:6)
  2 rats (D:1)
  A butterfly (D:3)
50 creatures vanquished.

Grand Total: 203 creatures vanquished

Notes
Turn   | Place    | Note
--------------------------------------------------------------
     0 | D:1      | aurelian the Ogre Summoner began the quest for the Orb.
     0 | D:1      | Reached XP level 1. HP: 16/16 MP: 3/3
    73 | D:1      | Reached skill level 1 in Maces & Flails
   122 | D:1      | Reached XP level 2. HP: 19/24 MP: 2/5
   326 | D:1      | Reached skill level 2 in Maces & Flails
   815 | D:1      | Reached XP level 3. HP: 27/31 MP: 1/7
  1326 | D:2      | Found a stormy altar of Qazlal.
  1355 | D:2      | Found a radiant altar of Vehumet.
  1611 | D:2      | Noticed Robin
  1649 | D:2      | Reached skill level 3 in Maces & Flails
  1679 | D:2      | Killed Robin
  1885 | D:2      | Noticed Ijyb
  2290 | D:2      | Reached skill level 4 in Maces & Flails
  2290 | D:2      | Reached XP level 4. HP: 15/39 MP: 1/8
  3333 | D:3      | Reached skill level 5 in Maces & Flails
  3420 | D:3      | Noticed Jessica
  3434 | D:3      | Killed Jessica
  3434 | D:3      | Reached XP level 5. HP: 22/45 MP: 3/9
  4075 | D:4      | Got a faintly glowing jade ring
  4076 | D:4      | Identified the ring "Fodinn" {EV+4 Int+2} (You found it on level 4 of the Dungeon)
  4125 | D:4      | Killed Ijyb
  4125 | D:4      | Reached skill level 6 in Maces & Flails
  4181 | D:4      | Noticed Blork the orc
  4853 | D:4      | Killed Blork the orc
  4853 | D:4      | Reached skill level 7 in Maces & Flails
  4853 | D:4      | Reached XP level 6. HP: 31/53 MP: 3/10
  5184 | D:4      | Noticed Pikel
  5184 | D:4      | Noticed a slave
  5185 | D:4      | Noticed a slave
  5205 | D:4      | Noticed a slave
  5325 | D:3      | Learned a level 2 spell: Call Imp
  5329 | D:3      | Learned a level 3 spell: Call Canine Familiar
  5334 | D:4      | Noticed Dowan
  5408 | D:3      | Killed a slave
  5598 | D:4      | Noticed Duvessa
  6244 | D:4      | Noticed a slave
  6253 | D:4      | Killed a slave
  6256 | D:4      | Killed a slave
  6497 | D:4      | Killed Dowan
  6600 | D:4      | Killed Duvessa
  6600 | D:4      | Reached skill level 8 in Maces & Flails
  6600 | D:4      | Reached XP level 7. HP: 56/59 MP: 5/12
  6675 | D:4      | Found a staircase to the Ecumenical Temple.
  6716 | Temple   | Entered the Ecumenical Temple
  6852 | Temple   | Became a worshipper of Gozag Ym Sagoz the Greedy
  6979 | D:5      | Entered Level 5 of the Dungeon
  7556 | D:5      | Found an iron altar of Okawaru.
  7871 | D:5      | Reached skill level 9 in Maces & Flails
  7889 | D:4      | Reached skill level 5 in Spellcasting
  7935 | D:4      | Found a basalt altar of Yredelemnul.
  8449 | D:6      | Reached XP level 8. HP: 67/67 MP: 16/16
  8488 | D:6      | Found a sacrificial altar of Ru.
  8887 | D:6      | Reached skill level 10 in Maces & Flails
  9724 | D:7      | Reached skill level 11 in Maces & Flails
  9729 | D:7      | Reached XP level 9. HP: 49/74 MP: 17/20
 10662 | D:7      | Reached skill level 12 in Maces & Flails
 10667 | D:7      | Noticed Joseph
 10690 | D:7      | Killed Joseph
 10914 | D:7      | Found a white marble altar of Elyvilon.
 11150 | D:7      | You fall through a shaft for 3 floors!
 11150 | D:10     | Entered Level 10 of the Dungeon
 11150 | D:10     | Noticed a hill giant
 11160 | D:10     | Noticed Maurice
 11180 | D:9      | Noticed a troll
 11208 | D:10     | Killed Maurice
 11208 | D:10     | Reached skill level 13 in Maces & Flails
 11849 | D:9      | Reached XP level 10. HP: 62/81 MP: 17/23
 11864 | D:9      | HP: 3/121 [troll (11)]
 11864 | D:9      | Slain by a troll

Skill      XL: |  1  2  3  4  5  6  7  8  9 |
---------------+----------------------------+-----
Summonings     | 3 |  3.0
Maces & Flails | 1 2 4 5 7 8 9 11 13 | 13.1
Spellcasting   | 3 5 7 9 |  9.9
Dodging        | |  1.7
Stealth        | |  1.5

Action                   |  1- 3 |  4- 6 |  7- 9 | 10-12 || total
-------------------------+-------+-------+-------+-------++-------
Melee: Whip              |    78 |    28 |       |       ||   106
       Mace              |    31 |    20 |   378 |     4 ||   433
       Flail             |       |   183 |       |       ||   183
 Fire: Hunting sling     |     2 |     2 |       |       ||     4
 Cast: Summon Small Mamm |    67 |    74 |       |       ||   141
       Call Canine Famil |       |     8 |    35 |       ||    43
       Call Imp          |       |     7 |    14 |     3 ||    24
Invok: Potion Petition   |       |       |     3 |       ||     3
  Use: Scroll            |     3 |     9 |     5 |       ||    17
       Potion            |       |       |       |     1 ||     1
 Stab: Distracted        |       |     3 |     5 |       ||     8
       Sleeping          |       |       |     2 |       ||     2
  Eat: Chunk             |     5 |    15 |     1 |       ||    21
       Bread ration      |       |       |     2 |       ||     2
       Beef jerky        |       |       |     1 |       ||     1
       Fruit             |       |       |     3 |       ||     3
       Meat ration       |       |       |     1 |       ||     1
       Royal jelly       |       |       |     1 |       ||     1
Armor: Robe              |    45 |    72 |    67 |       ||   184
Dodge: Dodged            |    76 |   165 |   240 |     4 ||   485
Block: Other             |       |     9 |    29 |       ||    38
